TOP OF THE 1ST |
Iowa Cubs batting - Pitching for Lehigh Valley IronPigs : RHP Chad Capaldi
|
Pitching: RHP Chad Capaldi
|
|
Batting: RHB Brian Gargis
|
0-0: Ground out 4-3 (Groundball, 4, EV 106.2 MPH)
|
Batting: RHB Jon Aguilar
|
0-0: Swinging Strike 0-1: Ball 1-1: Bunt for hit to 23 - play at first, batter OUT! 3-4
|
Batting: LHB Mark Ingram
|
0-0: Ball 1-0: Called Strike 1-1: Ball 2-1: Fly out, F7 (Flyball, 78M, EV 96.2 MPH)
|
Top of the 1st over - 0 runs, 0 hits, 0 errors, 0 left on base; Iowa 0 - Lehigh Valley 0 |
BOTTOM OF THE 1ST |
Lehigh Valley IronPigs batting - Pitching for Iowa Cubs : RHP Michele Montella
|
Pitching: RHP Michele Montella
|
|
Batting: RHB Mark Schultz
|
0-0: Called Strike 0-1: Ball 1-1: Foul Ball, location: 2F 1-2: Ground out 5-3 (Groundball, 56S, EV 63.8 MPH)
|
Batting: LHB Jose Carlos
|
0-0: Ball 1-0: Foul Ball, location: 2F 1-1: Ball 2-1: Ground out 6-3 (Groundball, 6M, EV 101.2 MPH)
|
Batting: RHB Carlos Morejon
|
0-0: Foul Ball, location: 2F 0-1: SINGLE (Groundball, 56, EV 91.2 MPH) (infield hit)
|
Batting: LHB Josh George
|
0-0: Called Strike Carlos Morejon steals 2nd base 0-1: Ball 1-1: DOUBLE (Line Drive, 9LS, EV 111.9 MPH) Carlos Morejon scores
|
Batting: RHB Victor Arroyo
|
0-0: 2-RUN HOME RUN (Flyball, 9D, EV 102.5 MPH), Distance : 380 ft
|
Batting: SHB Marco de Leon
|
0-0: Called Strike 0-1: Foul Ball, location: 2F 0-2: Foul Ball, location: 2F 0-2: Ball 1-2: Ball 2-2: Fly out, F7 (Flyball, 7, EV 94.4 MPH)
|
Bottom of the 1st over - 3 runs, 3 hits, 0 errors, 0 left on base; Iowa 0 - Lehigh Valley 3 |
TOP OF THE 2ND |
Iowa Cubs batting - Pitching for Lehigh Valley IronPigs : RHP Chad Capaldi
|
Batting: RHB Ricardo Aguinaga
|
0-0: Ball 1-0: Ball 2-0: Swinging Strike 2-1: Called Strike 2-2: Foul Ball, location: 2F 2-2: Fly out, F8 (Flyball, 8RM, EV 90.6 MPH)
|
Batting: SHB Gabriel Cruz
|
0-0: Ball 1-0: Ball 2-0: Called Strike 2-1: Ball 3-1: Foul Ball, location: 2F 3-2: SINGLE (Groundball, 3S, EV 64.4 MPH) (infield hit)
|
Batting: RHB Adam O'Hare
|
0-0: Foul Ball, location: 2F 0-1: Ball Gabriel Cruz steals 2nd base 1-1: Ground out 6-3 (Groundball, 6, EV 105.6 MPH)
|
Batting: SHB Seung-ho Zhang
|
0-0: Fly out, F8 (Flyball, 78M, EV 88.1 MPH)
|
Top of the 2nd over - 0 runs, 1 hit, 0 errors, 1 left on base; Iowa 0 - Lehigh Valley 3 |
BOTTOM OF THE 2ND |
Lehigh Valley IronPigs batting - Pitching for Iowa Cubs : RHP Michele Montella
|
Batting: RHB Moritake Fukumoto
|
0-0: Ball 1-0: Foul Ball, location: 2F 1-1: Foul Ball, location: 2F 1-2: Strikes out swinging
|
Batting: RHB Kyle Reilly
|
0-0: Swinging Strike 0-1: Swinging Strike 0-2: Ball 1-2: Ball 2-2: Strikes out looking
|
Batting: SHB Bob Dixon
|
0-0: Ball 1-0: Swinging Strike 1-1: Called Strike 1-2: Fly out, F3 (Popup, 3L, EV 65.6 MPH)
|
Bottom of the 2nd over - 0 runs, 0 hits, 0 errors, 0 left on base; Iowa 0 - Lehigh Valley 3 |
TOP OF THE 3RD |
Iowa Cubs batting - Pitching for Lehigh Valley IronPigs : RHP Chad Capaldi
|
Batting: RHB Pat Barton
|
0-0: DOUBLE (Groundball, 5L, EV 106.9 MPH)
|
Batting: RHB Rich Thurman
|
0-0: Ground out 4-3 (Groundball, 4, EV 83.8 MPH) Pat Barton to third
|
Batting: RHB Brian Gargis
|
0-0: Foul Ball, location: 2F 0-1: Ball 1-1: Ball 2-1: Ball 3-1: Base on Balls
|
Batting: RHB Jon Aguilar
|
0-0: Ball 1-0: Called Strike 1-1: Ball 2-1: Fielders Choice at 2nd, 5-4 (Groundball, 5L, EV 80.0 MPH) Pat Barton scores
|
Batting: LHB Mark Ingram
|
0-0: Called Strike 0-1: Foul Ball, location: 2F 0-2: Foul Ball, location: 2F 0-2: Foul Ball, location: 2F 0-2: Ball Jon Aguilar is caught stealing 2nd base 2-6
|
Top of the 3rd over - 1 run, 1 hit, 0 errors, 0 left on base; Iowa 1 - Lehigh Valley 3 |
BOTTOM OF THE 3RD |
Lehigh Valley IronPigs batting - Pitching for Iowa Cubs : RHP Michele Montella
|
Batting: RHB Mark Schultz
|
0-0: Ball 1-0: Ball 2-0: Ball 3-0: Base on Balls
|
Batting: LHB Jose Carlos
|
0-0: Ball 1-0: SINGLE (Groundball, 3D, EV 108.8 MPH) Mark Schultz to second Runner from 2nd tries for 3rd, SAFE, throw by RF made to third
|
Now in RF: Sumiki Okuhara
|
|
Batting: RHB Carlos Morejon
|
0-0: Ball 1-0: Grounds into double play, 6-4-3 (Groundball, 6S, EV 90.0 MPH) Mark Schultz scores
|
Batting: LHB Josh George
|
0-0: Ball 1-0: Ground out U3 (Groundball, 3, EV 83.8 MPH)
|
Bottom of the 3rd over - 1 run, 1 hit, 0 errors, 0 left on base; Iowa 1 - Lehigh Valley 4 |
TOP OF THE 4TH |
Iowa Cubs batting - Pitching for Lehigh Valley IronPigs : RHP Chad Capaldi
|
Batting: LHB Mark Ingram
|
0-0: Ball 1-0: Ball 2-0: Called Strike 2-1: Ground out 4-3 (Groundball, 4, EV 81.2 MPH)
|
Batting: RHB Ricardo Aguinaga
|
0-0: Ball 1-0: Ball 2-0: Ball 3-0: Called Strike 3-1: Base on Balls
|
Batting: SHB Gabriel Cruz
|
0-0: Ball 1-0: Ball 2-0: Ball 3-0: Called Strike 3-1: Called Strike 3-2: Foul Ball, location: 2F 3-2: Fielders Choice at 2nd, 4-6 (Groundball, 4, EV 106.2 MPH)
|
Batting: RHB Adam O'Hare
|
0-0: Ball Gabriel Cruz is caught stealing 2nd base 2-4
|
Top of the 4th over - 0 runs, 0 hits, 0 errors, 0 left on base; Iowa 1 - Lehigh Valley 4 |
BOTTOM OF THE 4TH |
Lehigh Valley IronPigs batting - Pitching for Iowa Cubs : RHP Michele Montella
|
Batting: RHB Victor Arroyo
|
0-0: Called Strike 0-1: Foul Ball, location: 2F 0-2: Foul Ball, location: 2F 0-2: Ball 1-2: Foul Ball, location: 2F 1-2: Ground out 6-3 (Groundball, 6, EV 101.9 MPH)
|
Batting: SHB Marco de Leon
|
0-0: Ball 1-0: Foul Ball, location: 2F 1-1: Foul Ball, location: 2F 1-2: TRIPLE (Flyball, 9LD, EV 95.0 MPH)
|
Batting: RHB Moritake Fukumoto
|
0-0: Ground out 5-3 (Groundball, 56S, EV 70.0 MPH) Marco de Leon scores
|
Batting: RHB Kyle Reilly
|
0-0: Called Strike 0-1: Ball 1-1: DOUBLE (Line Drive, 78XD, EV 106.2 MPH)
|
Pitching: RHP Arnaldo Cardamenho
|
|
Batting: SHB Bob Dixon
|
0-0: Ground out 6-3 (Groundball, 6, EV 110.0 MPH)
|
Bottom of the 4th over - 1 run, 2 hits, 0 errors, 1 left on base; Iowa 1 - Lehigh Valley 5 |
TOP OF THE 5TH |
Iowa Cubs batting - Pitching for Lehigh Valley IronPigs : RHP Chad Capaldi
|
Batting: RHB Adam O'Hare
|
0-0: Called Strike 0-1: Ball 1-1: Called Strike 1-2: DOUBLE (Flyball, 8RXD, EV 103.8 MPH)
|
Batting: SHB Seung-ho Zhang
|
0-0: Called Strike 0-1: Foul Ball, location: 2F 0-2: Foul Ball, location: 2F 0-2: Strikes out swinging, 2-3 out at first.
|
Batting: RHB Pat Barton
|
0-0: Foul Ball, location: 2F 0-1: Ground out 6-3 (Groundball, 6, EV 91.2 MPH) Adam O'Hare to third
|
Batting: RHB Rich Thurman
|
0-0: Ball 1-0: Swinging Strike 1-1: Ball 2-1: Ball 3-1: Base on Balls
|
Batting: RHB Brian Gargis
|
0-0: Swinging Strike 0-1: Ball 1-1: SINGLE (Groundball, 34, EV 83.8 MPH) (infield hit) Adam O'Hare scores Rich Thurman to second
|
Batting: LHB Sumiki Okuhara
|
0-0: Ball 1-0: Foul Ball, location: 2F 1-1: Ball 2-1: Foul Ball, location: 2F 2-2: Ball 3-2: Base on Balls Rich Thurman to third Brian Gargis to second
|
Batting: LHB Mark Ingram
|
0-0: Fly out, F7 (Flyball, 7LSF, EV 98.8 MPH)
|
Top of the 5th over - 1 run, 2 hits, 0 errors, 3 left on base; Iowa 2 - Lehigh Valley 5 |
BOTTOM OF THE 5TH |
Lehigh Valley IronPigs batting - Pitching for Iowa Cubs : RHP Arnaldo Cardamenho
|
Batting: RHB Mark Schultz
|
0-0: Ball 1-0: Ball 2-0: Ball 3-0: Base on Balls
|
Batting: LHB Jose Carlos
|
0-0: Ball 1-0: Ball 2-0: Swinging Strike 2-1: Foul Ball, location: 2F 2-2: Strikes out swinging
|
Batting: RHB Carlos Morejon
|
0-0: Ball 1-0: Grounds into double play, 5-4-3 (Groundball, 56, EV 84.4 MPH)
|
Bottom of the 5th over - 0 runs, 0 hits, 0 errors, 0 left on base; Iowa 2 - Lehigh Valley 5 |
TOP OF THE 6TH |
Iowa Cubs batting - Pitching for Lehigh Valley IronPigs : RHP Chad Capaldi
|
Pitching: LHP Ignacio Amaya
|
|
Batting: RHB Ricardo Aguinaga
|
0-0: Called Strike 0-1: Ball 1-1: Ground out 5-3 (Groundball, 56, EV 82.5 MPH)
|
Batting: SHB Gabriel Cruz
|
0-0: Fly out, F8 (Flyball, 89S, EV 93.1 MPH)
|
Batting: RHB Adam O'Hare
|
0-0: Ball 1-0: Fly out, F9 (Flyball, 9, EV 90.0 MPH)
|
Top of the 6th over - 0 runs, 0 hits, 0 errors, 0 left on base; Iowa 2 - Lehigh Valley 5 |
BOTTOM OF THE 6TH |
Lehigh Valley IronPigs batting - Pitching for Iowa Cubs : RHP Arnaldo Cardamenho
|
Batting: LHB Josh George
|
0-0: Ball 1-0: Called Strike 1-1: Called Strike 1-2: Ball 2-2: Strikes out swinging
|
Batting: RHB Victor Arroyo
|
0-0: Ball 1-0: Foul Ball, location: 2F 1-1: Swinging Strike 1-2: Strikes out swinging
|
Batting: SHB Marco de Leon
|
0-0: Swinging Strike 0-1: Foul Ball, location: 2F 0-2: Ball 1-2: Strikes out swinging
|
Bottom of the 6th over - 0 runs, 0 hits, 0 errors, 0 left on base; Iowa 2 - Lehigh Valley 5 |
TOP OF THE 7TH |
Iowa Cubs batting - Pitching for Lehigh Valley IronPigs : LHP Ignacio Amaya
|
Pitching: RHP Alex Florez
|
|
Batting: SHB Seung-ho Zhang
|
0-0: Called Strike 0-1: Ball 1-1: Foul Ball, location: 2F 1-2: Ball 2-2: Strikes out swinging, 2-3 out at first.
|
Batting: RHB Pat Barton
|
0-0: Ball 1-0: Ball 2-0: Called Strike 2-1: Foul Ball, location: 2F 2-2: Foul Ball, location: 2F 2-2: Strikes out looking
|
Batting: RHB Rich Thurman
|
0-0: Called Strike 0-1: Called Strike 0-2: Strikes out looking
|
Top of the 7th over - 0 runs, 0 hits, 0 errors, 0 left on base; Iowa 2 - Lehigh Valley 5 |
BOTTOM OF THE 7TH |
Lehigh Valley IronPigs batting - Pitching for Iowa Cubs : RHP Arnaldo Cardamenho
|
Pitching: RHP Jose Ramirez
|
|
Batting: RHB Moritake Fukumoto
|
0-0: Called Strike 0-1: Ball 1-1: Ball 2-1: Ball 3-1: Foul Ball, location: 2F 3-2: SINGLE (Groundball, 56D, EV 105.0 MPH)
|
Batting: RHB Kyle Reilly
|
0-0: Bunted foul 0-1: Bunt missed! 0-2: Ball 1-2: Ball 2-2: Grounds into double play, 4-6-3 (Groundball, 4, EV 76.2 MPH)
|
Batting: SHB Bob Dixon
|
0-0: Called Strike 0-1: Ball 1-1: Foul Ball, location: 2F 1-2: Ball 2-2: Ball 3-2: Foul Ball, location: 2F 3-2: Base on Balls
|
Batting: RHB Mark Schultz
|
0-0: Ball 1-0: Ball 2-0: Foul Ball, location: 2F 2-1: Foul Ball, location: 2F 2-2: Foul Ball, location: 2F 2-2: Ball 3-2: Foul Ball, location: 2F 3-2: Ground out 6-3 (Groundball, 6, EV 100.6 MPH)
|
Bottom of the 7th over - 0 runs, 1 hit, 0 errors, 1 left on base; Iowa 2 - Lehigh Valley 5 |
TOP OF THE 8TH |
Iowa Cubs batting - Pitching for Lehigh Valley IronPigs : RHP Alex Florez
|
Batting: RHB Brian Gargis
|
0-0: Bunt missed! 0-1: Ball 1-1: Called Strike 1-2: Ball 2-2: Strikes out looking
|
Batting: LHB Sumiki Okuhara
|
0-0: Swinging Strike 0-1: Ball 1-1: Foul Ball, location: 2F 1-2: Strikes out looking
|
Batting: LHB Mark Ingram
|
0-0: Swinging Strike 0-1: Foul Ball, location: 2F 0-2: Ball 1-2: Ball 2-2: Strikes out swinging
|
Top of the 8th over - 0 runs, 0 hits, 0 errors, 0 left on base; Iowa 2 - Lehigh Valley 5 |
BOTTOM OF THE 8TH |
Lehigh Valley IronPigs batting - Pitching for Iowa Cubs : RHP Jose Ramirez
|
Pitching: LHP Bill Esten
|
|
Batting: LHB Jose Carlos
|
0-0: Ground out 1-3 (Groundball, 34S, EV 71.2 MPH)
|
Batting: RHB Carlos Morejon
|
0-0: Foul Ball, location: 2F 0-1: Called Strike 0-2: Foul Ball, location: 2F 0-2: Ball 1-2: Ball 2-2: SINGLE (Line Drive, 7LS, EV 96.2 MPH)
|
Batting: LHB Josh George
|
0-0: Ball 1-0: Called Strike 1-1: Foul Ball, location: 2F 1-2: Ball 2-2: Strikes out looking
|
Batting: RHB Victor Arroyo
|
0-0: Foul Ball, location: 2F 0-1: Ground out 2-3 (Groundball, 13S, EV 65.6 MPH)
|
Bottom of the 8th over - 0 runs, 1 hit, 0 errors, 1 left on base; Iowa 2 - Lehigh Valley 5 |
TOP OF THE 9TH |
Iowa Cubs batting - Pitching for Lehigh Valley IronPigs : RHP Alex Florez
|
Pitching: RHP Lucas McPhillie
|
|
Batting: RHB Ricardo Aguinaga
|
0-0: Called Strike 0-1: Ball 1-1: Fly out, F6 (Popup, 6, EV 57.5 MPH)
|
Batting: SHB Gabriel Cruz
|
0-0: Swinging Strike 0-1: Swinging Strike 0-2: Ball 1-2: Ball 2-2: Foul Ball, location: 2F 2-2: Strikes out swinging
|
Batting: RHB Adam O'Hare
|
0-0: Ball 1-0: Called Strike 1-1: Ball 2-1: Foul Ball, location: 2F 2-2: Ball 3-2: Foul Ball, location: 2F 3-2: Fly out, F7 (Line Drive, 78D, EV 93.8 MPH)
|
Top of the 9th over - 0 runs, 0 hits, 0 errors, 0 left on base; Iowa 2 - Lehigh Valley 5 |
|